 Dungeon Crawl Stone Soup version 0.26.1-11-gd32895ea62 (webtiles) character file.

Game seed: 476213985459352023

18 Arcadio the Grave Robber (level 2, -2/20 HPs)
             Began as a Hill Orc Necromancer on May 21, 2021.
             Slain by a kobold
             ... wielding a +0 short sword
              (3 damage)
             ... on level 1 of the Dungeon.
             The game lasted 00:02:47 (1284 turns).

Arcadio the Grave Robber (Hill Orc Necromancer)     Turns: 1284, Time: 00:02:48

Health: -2/20      AC:  2    Str: 10    XL:     2   Next: 66%
Magic:  0/4        EV: 12    Int: 15    God:
Gold:   52         SH:  0    Dex: 11    Spells: 2/4 levels left

rFire    . . .     SeeInvis .   e - +0 club
rCold    . . .     Faith    .   (no shield)
rNeg     . . .     Spirit   .   a - +0 robe
rPois    .         Reflect  .   (no helmet)
rElec    .         Harm     .   (no cloak)
rCorr    .         Rampage  .   (no gloves)
Will     .....                  (no boots)
Stlth    ++........             (no amulet)
HPRegen  0.06/turn              (no ring)
MPRegen  0.09/turn              (no ring)

@: no status effects
A: no striking features
a: no special abilities


You were on level 1 of the Dungeon.
You visited 1 branch of the dungeon, and saw 2 of its levels.

You collected 52 gold pieces.

Inventory:

Hand Weapons
 e - a +0 club (weapon)
Armour
 a - a +0 robe (worn)
Scrolls
 b - a scroll of fog {unknown}
Potions
 c - a potion of invisibility {unknown}
 d - a potion of degeneration {unknown}


   Skills:
 + Level 2.1 Dodging
 - Level 1.5 Stealth
 - Level 1.5 Spellcasting
 + Level 4.3 Necromancy


You had 2 spell levels left.
You knew the following spells:

 Your Spells              Type           Power        Failure   Level
a - Pain                  Necr           56%          3%          1
b - Animate Skeleton      Necr           28%          3%          1

Your spell library contained the following spells:

 Spells                   Type           Power        Failure   Level
 Vampiric Draining        Necr           7%           12%         3
 Animate Dead             Necr           7%           36%         4
 Agony                    Necr           14%          71%         5


Dungeon Overview and Level Annotations

Branches:
Dungeon (2/15)

Altars:


Message History

Confirm with . or Enter, or press ? or * to list all spells.
Aiming: Pain (safe; 3% risk of failure)
Press: ? - help, Shift-Dir - straight line, f/p - kobold
Aim: a kobold, wielding a +0 short sword (moderately wounded, chance to affect: 85%)
The kobold writhes in agony.
The kobold barely misses you.
Casting: Pain (safe; 3% risk of failure)
Confirm with . or Enter, or press ? or * to list all spells.
Aiming: Pain (safe; 3% risk of failure)
Press: ? - help, Shift-Dir - straight line, f/p - kobold
Aim: a kobold, wielding a +0 short sword (heavily wounded, chance to affect: 85%)
The kobold barely resists.
The kobold hits you but does no damage.
There is a stone staircase leading down here.
Casting: Pain (safe; 3% risk of failure)
Confirm with . or Enter, or press ? or * to list all spells.
Aiming: Pain (safe; 3% risk of failure)
Press: ? - help, Shift-Dir - straight line, f/p - kobold
Aim: a kobold, wielding a +0 short sword (heavily wounded, chance to affect: 85%)
The kobold writhes in agony.
The kobold barely misses you.
The kobold hits you with a +0 short sword.
You die...

......(.....#
#.........#
............#
###.....#####
............###......##
.........)..#........#
......#..#....#.#....#
.....................#
....##..#####.##)#...#
#.........<>..##.#...#
........#####.##@#...#
.......(.......K.#...#
......(........>####.#
................####.#
....(..........###...#
...(...........# #.###
..(............# #.#
).............## #.#
......#......### #.#


You could see a kobold.

Vanquished Creatures
  3 bats
  A giant cockroach (D:1)
  2 goblins (D:1)
  3 hobgoblins
  3 frilled lizards
  3 kobolds (D:1)
  2 rats (D:1)
17 creatures vanquished.

Notes
Turn   | Place    | Note
-------+----------+-------------------------------------------
     0 | D:1      | Arcadio the Hill Orc Necromancer began the quest for the
                  | Orb.
     0 | D:1      | Reached XP level 1. HP: 14/14 MP: 3/3
   419 | D:2      | Reached XP level 2. HP: 5/20 MP: 0/4
   429 | D:2      | Learned a level 1 spell: Animate Skeleton
  1252 | D:1      | HP: 1/20 [kobold/+0 short sword (2)]
  1284 | D:1      | Slain by a kobold

Illustrated notes

Levels and vault maps discovered:
D:1:      dpeg_arrival_tiny_i, layout_rooms, kennysheep_nondescript,
          grunt_decor_fettered
D:2:      layout_loops_corners, elyvilon_altar_5, uniq_jessica

Skill      XL: |  1  2 |
---------------+-------+-----
Dodging        | 2 |  2.1
Stealth        | |  1.5
Spellcasting   | |  1.5
Necromancy     | |  4.3

Action                   || total
-------------------------++-------
Melee: Unarmed           ||     1
       Club              ||     3
 Cast: Pain              ||    34
Armor: Robe              ||     4
Dodge: Dodged            ||    24
